 Dungeon Crawl Stone Soup version 0.23.0-3-gf3c87f2 (webtiles) character file.

Game seed: 1898363115372771261

81 Mgcat the Shield-Bearer (level 4, -6/24 HPs)
             Began as a Vine Stalker Fighter on Feb 24, 2019.
             Killed by divine providence
             ... invoked by an orc priest
              (10 damage)
             ... on level 3 of the Dungeon.
             The game lasted 00:04:19 (1745 turns).

Mgcat the Shield-Bearer (Vine Stalker Fighter)      Turns: 1745, Time: 00:04:19

Health: -6/24      AC:  6    Str: 19    XL:     4   Next: 40%
Magic:  0/5        EV:  7    Int:  8    God:
Gold:   138        SH:  9    Dex: 14    Spells: 3/3 levels left

rFire    + . .     SeeInvis .     - Unarmed
rCold    x . .     Gourm    .   b - +0 shield
rNeg     . . .     Faith    .   a - +0 scale mail
rPois    .         Spirit   +   (no helmet)
rElec    .         Reflect  .   (no cloak)
rCorr    .         Harm     .   (no gloves)
MR       .....                  (no boots)
Stlth    +.........             (no amulet)
HPRegen  0.48/turn              g - ring of stealth {Stlth+}
MPRegen  0.09/turn              n - ring of fire {rF+, rC-}

@: no status effects
A: fangs 2, regeneration 1, magic shield, antimagic bite, no potion heal 3, rot
immunity
a: no special abilities


You were on level 3 of the Dungeon.
You were not hungry.

You visited 1 branch of the dungeon, and saw 3 of its levels.

You collected 138 gold pieces.

Inventory:

Hand Weapons
 f - a +3 whip
   (You took it off a kobold on level 2 of the Dungeon)
 m - a +0 club
   (You took it off a hobgoblin on level 2 of the Dungeon)
 o - a +0 dagger
   (You took it off a goblin on level 2 of the Dungeon)
 p - a +0 dagger
   (You took it off a goblin on level 2 of the Dungeon)
 s - a +0 club
   (You found it on level 2 of the Dungeon)
 t - a +0 club
   (You took it off a hobgoblin on level 2 of the Dungeon)
 v - a +0 club
   (You took it off a hobgoblin on level 3 of the Dungeon)
 w - a +0 mace
   (You found it on level 3 of the Dungeon)
 y - a +0 club
   (You took it off a goblin on level 3 of the Dungeon)
 z - a +0 short sword
   (You took it off a kobold on level 3 of the Dungeon)
Armour
 a - a +0 scale mail (worn)
 b - a +0 shield (worn)
Jewellery
 g - a ring of stealth (left hand) {Stlth+}
   (You found it on level 1 of the Dungeon)
 n - a ring of fire (right hand) {rF+, rC-}
   (You found it on level 1 of the Dungeon)
Scrolls
 i - a scroll of identify
 j - a scroll of remove curse
 q - 2 scrolls of magic mapping {!r}
 x - 2 scrolls of teleportation {unknown}
Potions
 c - a potion of might
 e - a potion of flight
 k - a potion of heal wounds {unknown}
 l - a potion of lignification {unknown}
 r - a potion of curing {unknown}
 u - a potion of berserk rage {unknown}
Comestibles
 d - 6 rations
 h - 6 chunks of flesh {@w0}


   Skills:
 + Level 3.2 Fighting
 + Level 3.0 Armour
 + Level 3.2 Shields
 + Level 2.8 Unarmed Combat


You had 3 spell levels left.
You didn't know any spells.
Your spell library was empty.

Dungeon Overview and Level Annotations

Branches:
Dungeon (3/15)

Altars:
Cheibriados


Innate Abilities, Weirdness & Mutations

You have extremely sharp teeth.
Your natural rate of healing is unusually fast.
When hurt, damage is shared between your health and your magic reserves.
Your bite disrupts and absorbs the magic of your enemies.
Potions cannot restore your health.
You are immune to rotting.


Message History

The jackal is lightly wounded.
The jackal bites you but does no damage.
You hit the jackal.
The jackal is heavily wounded.
You block the jackal's attack.
You hit the jackal. Your bite misses the jackal.
The jackal is severely wounded.
You block the jackal's attack.
The jackal bites you but does no damage.
You hit the jackal.
You kill the jackal!
No target in view!
No target in view!
You butcher the jackal corpse.
h - 7 chunks of flesh {@w0} (gained 1)
You see here a jackal skeleton. x2
You butcher the jackal corpse.
h - 10 chunks of flesh {@w0} (gained 3)
You see here a jackal skeleton. x2
Key pressed, stopping explore.
You now have 138 gold pieces (gained 5).
Key pressed, stopping explore.
An orc comes into view. It is wielding a +0 club.
An orc is nearby!
An orc comes into view. It is wielding a +0 dagger.
The orc shouts!
An orc priest comes into view. It is wielding a +0 hand axe.
Spoiler Alert: The orc priest (wandering) can smite you!
You barely miss the orc.
The orc priest shouts!
You bite the orc. You drain its power.
The orc is heavily wounded.
Spoiler Alert: The orc priest can smite you!
You hit the orc. You bite the orc, but do no damage.
The orc is heavily wounded.
You punch the orc!
You kill the orc!
The orc priest miscasts a cantrip.
You block the orc's attack.
Spoiler Alert: The orc priest can smite you!
Found a stone staircase leading down.
You closely miss the orc. Your bite misses the orc.
The orc is heavily wounded.
You block the orc's attack.
You hit the orc but do no damage. You bite the orc. You drain its power.
The orc is heavily wounded.
The orc barely misses you.
You completely miss the orc. You bite the orc. You drain its power.
The orc is almost dead.
You block the orc's attack.
You closely miss the orc. You bite the orc.
You kill the orc!
Spoiler Alert: The orc priest can smite you!
Things that are here:
a +0 dagger; an orc corpse You hit the orc priest.
You bite the orc priest, but do no damage.
The orc priest is lightly wounded.
You block the orc priest's attack.
Spoiler Alert: The orc priest can smite you!
You hit the orc priest. Your bite misses the orc priest.
The orc priest is moderately wounded.
The orc priest hits you but does no damage.
You barely miss the orc priest.
The orc priest is moderately wounded.
You block the orc priest's attack.
Spoiler Alert: The orc priest can smite you!
You closely miss the orc priest. You bite the orc priest. You drain its power.
The orc priest is heavily wounded.
The orc priest invokes the aid of Beogh against you.
Pain shoots through your body!
Ouch! That really hurt!
Some of the chunks of flesh in your inventory have rotted away.
You take 12 damage, and have 12/24 hp.
MASSIVE DAMAGE!!
You now have 3/5 mp.
Spoiler Alert: The orc priest can smite you!
You are too injured to fight recklessly!
You are too injured to fight recklessly!
You are too injured to fight recklessly!
You hit the orc priest. You bite the orc priest. You drain its power.
You feel invigorated.
The orc priest is severely wounded.
The orc priest hits you but does no damage.
Spoiler Alert: The orc priest can smite you!
You hit the orc priest but do no damage.
Your bite misses the orc priest.
The orc priest is severely wounded.
You block the orc priest's attack.
Your shield prevents you from hitting the orc priest.
The orc priest is severely wounded.
The orc priest mumbles some strange prayers to Beogh against you.
Beogh smites you!
* * * LOW HITPOINT WARNING * * *
You take 9 damage, and have 4/24 hp.
MASSIVE DAMAGE!!
You now have 1/5 mp.
Spoiler Alert: The orc priest can smite you!
Your shield prevents you from hitting the orc priest.
Your bite misses the orc priest.
The orc priest is severely wounded.
The orc priest invokes the aid of Beogh against you.
Beogh smites you!
You die...

####### ......###
#######.#######
..............#####
...................
..............####
######..##.#..## #
####..##.#...########>#
#
#..÷.÷.......o@...[....
#
#.##..........#####.#.#
.. ............#
........^.....)..#
.................#
....##..##.##..... #.#.
#..##.##.....# #.#
#..##.##...... #..#...#


You could see an orc priest.

Vanquished Creatures
  An adder (D:3)
  3 dart slugs (D:2)
  A leopard gecko (D:1)
  2 orcs (D:3)
  2 bats
  5 giant cockroaches
  6 goblins
  6 hobgoblins
  8 jackals
  10 kobolds
  4 frilled lizards
  10 rats
58 creatures vanquished.

Notes
Turn   | Place    | Note
-------+----------+-------------------------------------------
     0 | D:1      | Mgcat the Vine Stalker Fighter began the quest for the Orb.
     0 | D:1      | Reached XP level 1. HP: 11/11 MP: 2/2
   164 | D:1      | Reached XP level 2. HP: 11/16 MP: 3/3
   814 | D:2      | Reached skill level 3 in Fighting
   814 | D:2      | Reached skill level 3 in Shields
   814 | D:2      | Reached XP level 3. HP: 20/20 MP: 4/4
  1051 | D:2      | Found a snail-covered altar of Cheibriados.
  1588 | D:3      | Gained mutation: Your natural rate of healing is unusually
                  | fast. [Vine Stalker growth]
  1588 | D:3      | Reached XP level 4. HP: 24/24 MP: 5/5
  1695 | D:3      | Reached skill level 3 in Armour
  1744 | D:3      | HP: 4/24 [orc priest/divine providence (10)]
  1745 | D:3      | Killed from afar by an orc priest

Skill      XL: |  1  2  3  4 |
---------------+-------------+-----
Fighting       | 3 |  3.2
Shields        | 3 |  3.2
Armour         | 3 |  3.0
Unarmed Combat | |  2.8

Action                   |  1- 3 |  4- 6 || total
-------------------------+-------+-------++-------
Melee: Unarmed           |   159 |    43 ||   202
       Bite              |    37 |    14 ||    51
  Use: Scroll            |     4 |       ||     4
  Eat: Chunk             |     2 |     1 ||     3
Armor: Scale mail        |    56 |    14 ||    70
Dodge: Dodged            |    31 |     7 ||    38
Block: Shield            |    68 |    24 ||    92

Levels and vault maps discovered:
D:1:      dpeg_arrival_long_road, layout_rooms, kennysheep_pointless_box
D:2:      layout_loops_ring, kennysheep_slug_shrine, first_ration
D:3:      layout_basic, chequers_temple_overflow_statue_of_worship,
          serial_corexii_hall, chequers_hall_statues_y,
          corexii_hall_statues_deadend, corexii_hall_statues_u,
          corexii_hall_statues_x

Table legend:
 A = Turns spent in this place as a percentage of turns spent in the entire game.
 B = Non-inter-level travel turns spent in this place as a percentage of non-inter-level travel turns spent in the entire game.
 C = Inter-level travel turns spent in this place as a percentage of turns spent in this place.
 D = Turns resting spent in this place as a percentage of non-inter-level travel turns spent in this place.
 E = Turns spent auto-exploring this place as a percentage of non-inter-level travel turns spent in this place.
 F = Non-inter-level travel turns spent in this place divided by the number of levels of this place that you've seen.
                   A       B       C       D       E      F
               +-------+-------+-------+-------+-------+----------------------
         Total | 100.0 | 100.0 |   4.2 |   0.0 |  76.2 | 557.3
       Dungeon | 100.0 | 100.0 |   4.2 |   0.0 |  76.2 | 557.3
               +-------+-------+-------+-------+-------+----------------------

Table legend:
 A = Kills in this place as a percentage of kills in entire the game.
 B = Kills by you in this place as a percentage of kills by you in the entire game.
 C = Kills by friends in this place as a percentage of kills by friends in the entire game.
 D = Other kills in this place as a percentage of other kills in the entire game.
 E = Experience gained in this place as a percentage of experience gained in the entire game.
 F = Experience gained in this place divided by the number of levels of this place that you have seen.
                   A       B       C       D       E      F
               +-------+-------+-------+-------+-------+----------------------
         Total | 100.0 | 100.0 |   N/A |   N/A | 100.0 |  38.7
       Dungeon | 100.0 | 100.0 |   N/A |   N/A | 100.0 |  38.7
               +-------+-------+-------+-------+-------+----------------------
